 Dungeon Crawl Stone Soup version 0.21.0-3-g78d12a8bdd (console) character file.

1821 rkoelner the Martial Artist (level 8, -1/54 HPs)
             Began as a Demonspawn Transmuter on Jan 16, 2018.
             Was an Initiate of Makhleb.
             Slain by an iguana (13 damage)
             ... on level 8 of the Dungeon.
             The game lasted 00:11:34 (4981 turns).

rkoelner the Martial Artist (Demonspawn Transmuter) Turns: 4981, Time: 00:11:35

Health: -1/54      AC:  6    Str: 13    XL:     8   Next: 85%
Magic:  20/20      EV: 12    Int: 14    God:    Makhleb [......]
Gold:   405        SH:  0    Dex: 14    Spells: 8/11 levels left

rFire    . . .     SeeInvis .   i - +2 rapier (speed)
rCold    . . .     Gourm    .   (no shield)
rNeg     . . .     Faith    .   v - -1 leather armour (curse)
rPois    +         Spirit   .   (no helmet)
rElec    .         Reflect  .   (no cloak)
rCorr    .         Harm     .   (no gloves)
MR       .....                  (boots currently unavailable)
Stlth    +.........             (no amulet)
HPRegen  0.18/turn              g - ring of poison resistance
MPRegen  0.17/turn              t - ring of magical power

@: appendage
A: talons 3, iridescent scales 2, demonic guardian 1, powered by pain 1
a: End Transformation, Renounce Religion


You were on level 8 of the Dungeon.
You worshipped Makhleb.
Makhleb was noncommittal.
You were not hungry.
You had grown temporary talons.
You visited 2 branches of the dungeon, and saw 9 of its levels.

You collected 405 gold pieces.

Inventory:

Hand Weapons
 a - a +0 dagger of venom
 i - a +2 rapier of speed (weapon)
Missiles
 k - 109 arrows
Armour
 b - a +0 robe
 v - a cursed -1 leather armour (worn)
Jewellery
 g - a ring of poison resistance (left hand)
 o - an uncursed ring of flight
 t - a ring of magical power (right hand)
Wands
 h - a wand of paralysis (9)
 m - a wand of disintegration (15)
 x - a wand of polymorph (21)
 z - a wand of flame (31)
Scrolls
 e - 2 scrolls of amnesia
 f - 4 scrolls of identify
 n - a scroll of teleportation
 p - a scroll of blinking
 r - a scroll of immolation
 A - a scroll of summoning {unknown}
Potions
 j - 2 potions of haste {unknown}
 l - 2 potions of degeneration
 q - 5 potions of curing
 s - a potion of cancellation
 u - 3 potions of heal wounds
Books
 c - a book of Changes

   Spells                             Type                      Level
   a - Beastly Appendage              Transmutation                1
   b - Sticks to Snakes               Transmutation                2
   c - Spider Form                    Transmutation/Poison         3
   d - Ice Form                       Ice/Transmutation            4
   e - Blade Hands                    Transmutation                5
 y - a Young Poisoner's Handbook

   Spells                             Type                      Level
   a - Sting                          Conjuration/Poison           1
   b - Poisonous Vapours              Poison/Air                   2
   c - Mephitic Cloud                 Conjuration/Poison/Air       3
   d - Olgreb's Toxic Radiance        Poison                       4
   e - Venom Bolt                     Conjuration/Poison           5
Comestibles
 d - 15 rations
 w - a chunk of flesh


   Skills:
 - Level 1.0 Fighting
 - Level 1.7 Dodging
 + Level 9.0 Unarmed Combat
 - Level 2.0 Spellcasting
 + Level 6.3 Transmutations


You had 8 spell levels left.
You knew the following spells:

 Your Spells              Type           Power        Failure   Level  Hunger
a - Beastly Appendage     Tmut           ###...       2%          1    ##.....
b - Sticks to Snakes      Tmut           ###.....     3%          2    ###....


Dungeon Overview and Level Annotations

Branches:
Dungeon (8/15)             Temple (1/1) D:7
   Lair: D:8-11

Altars:
Ashenzari
Cheibriados
Dithmenos
Elyvilon
Fedhas
Gozag
Hepliaklqana
Kikubaaqudgha
Makhleb
Nemelex Xobeh
Okawaru
Qazlal
Ru
Sif Muna
Trog
Uskayaw
Vehumet
Wu Jian
Xom
Yredelemnul
Zin
The Shining One

Shops:
D:4 (   D:5 [=

Portals:
Ossuary: D:4


Innate Abilities, Weirdness & Mutations

You are mostly covered in iridescent scales. (AC +4)
A weak demonic guardian rushes to your aid.
You sometimes gain a little power by taking damage.
You have claws for feet.


Message History

The iguana bites you but does no damage.
You barely miss the iguana. Your kick misses the iguana.
The iguana is heavily wounded.
The iguana closely misses you.
A jackal comes into view.
You closely miss the iguana.
The iguana is heavily wounded.
You are too injured to fight recklessly!
You barely miss the iguana. Your kick misses the iguana.
The iguana is heavily wounded.
The iguana bites you!
* * * LOW HITPOINT WARNING * * *
The jackal bites you.
* * * LOW HITPOINT WARNING * * *
You closely miss the iguana.
The iguana is heavily wounded.
The jackal bites you.
* * * LOW HITPOINT WARNING * * *
The iguana bites you!
You die...

###### #.....
#..... #########
##.....##........
.................
.....h..h@l......
........._..#.###
## ............#
. .h#####.....#
######..# #####
.. ##.#...... ###
#. ##.....# #..
####.###...#.##
.. #.........## #


You could see an iguana and 2 jackals.

Vanquished Creatures
  The ghost of rkoelner the Carver, a novice DsAK of Lugonu (D:6)
  A spriggan (D:7)
  Duvessa (D:5)
  An ice beast (D:7)
  A phantom (D:7)
  An ogre (D:3)
  A centaur (D:5)
  A big kobold (D:7)
  2 bullfrogs (D:7)
  A scorpion (D:4)
  2 hounds
  An orc priest (D:5)
  3 orc wizards
  A bullfrog skeleton (D:6)
  A centaur skeleton (D:4)
  A worker ant (D:6)
  A hound zombie (D:5)
  4 adders
  3 shadow imps
  2 oozes
  An adder skeleton (D:5)
  2 worms
  5 dart slugs
  6 leopard geckos
  8 orcs
  A ball python (D:2)
  5 giant cockroaches
  3 goblins
  2 hobgoblins
  3 jackals (D:3)
  3 kobolds
  4 quokkas
  7 bats
  3 frilled lizards
  A leopard gecko skeleton (D:6)
  A quokka zombie (D:6)
  8 rats
93 creatures vanquished.

Vanquished Creatures (collateral kills)
  An orc warrior (D:8)
  A centaur (D:6)
  A bullfrog (D:8)
  Dowan (D:5)
  A hound (D:5)
  An iguana (D:7)
  3 orcs
  2 jackals (D:3)
  5 kobolds (D:7)
  A quokka (D:5)
17 creatures vanquished.

Grand Total: 110 creatures vanquished

Notes
Turn   | Place    | Note
-------+----------+-------------------------------------------
     0 | D:1      | rkoelner the Demonspawn Transmuter began the quest for the Orb.
     0 | D:1      | Reached XP level 1. HP: 15/15 MP: 3/3
   167 | D:1      | Reached skill level 3 in Unarmed Combat
   170 | D:1      | Gained mutation: You sometimes gain a little power by taking damage. [demonic ancestry]
   170 | D:1      | Reached XP level 2. HP: 11/21 MP: 3/5
   332 | D:1      | HP: 1/21 [kobold/short sword (7)]
   879 | D:2      | Gained mutation: You are partially covered in iridescent scales. (AC +2) [demonic ancestry]
   879 | D:2      | Reached XP level 3. HP: 15/26 MP: 4/6
  1128 | D:2      | Learned a level 2 spell: Sticks to Snakes
  1191 | D:2      | Reached skill level 4 in Unarmed Combat
  1191 | D:2      | Gained mutation: A weak demonic guardian rushes to your aid. [demonic ancestry]
  1191 | D:2      | Reached XP level 4. HP: 31/32 MP: 5/7
  1331 | D:3      | Noticed an ogre
  1371 | D:3      | Killed an ogre
  1371 | D:3      | Gained mutation: You are mostly covered in iridescent scales. (AC +4) [demonic ancestry]
  1371 | D:3      | Reached XP level 5. HP: 4/37 MP: 8/8
  1954 | D:4      | Found Ihag's Weapon Boutique.
  1993 | D:4      | Found a sand-covered staircase.
  2086 | D:4      | Reached skill level 5 in Unarmed Combat
  2115 | D:4      | Noticed a phantom
  2291 | D:4      | Noticed a phantom
  2369 | D:5      | Entered Level 5 of the Dungeon
  2369 | D:5      | Found Benlosh's Armour Shoppe.
  2396 | D:5      | Reached XP level 6. HP: 33/43 MP: 9/9
  2507 | D:5      | Found Amiutyts's Jewellery Emporium.
  2511 | D:5      | Found an ancient bone altar of Kikubaaqudgha.
  2586 | D:5      | Noticed Duvessa
  2586 | D:5      | Noticed Dowan
  2600 | D:5      | Killed Duvessa
  2600 | D:5      | Reached skill level 6 in Unarmed Combat
  2606 | D:5      | Killed Dowan
  2606 | D:5      | Reached XP level 7. HP: 32/48 MP: 10/10
  3019 | D:6      | Noticed rkoelner's ghost (novice DsAK)
  3039 | D:6      | Killed rkoelner's ghost
  3039 | D:6      | Reached skill level 7 in Unarmed Combat
  3039 | D:6      | Reached skill level 5 in Transmutations
  3039 | D:6      | Reached XP level 8. HP: 18/54 MP: 11/11
  3157 | D:6      | Found an iron altar of Okawaru.
  3160 | D:6      | Found a deep blue altar of Sif Muna.
  3161 | D:6      | Found a glowing silver altar of Zin.
  3810 | D:7      | Reached skill level 8 in Unarmed Combat
  4548 | D:7      | Found a staircase to the Ecumenical Temple.
  4557 | Temple   | Entered the Ecumenical Temple
  4758 | Temple   | Became a worshipper of Makhleb the Destroyer
  4917 | D:8      | Reached skill level 9 in Unarmed Combat
  4965 | D:8      | Found an ornate altar of the Wu Jian Council.
  4981 | D:8      | Slain by an iguana

Skill      XL: |  1  2  3  4  5  6  7  8 |
---------------+-------------------------+-----
Unarmed Combat | 3 4 5 6 7 9 |  9.0
Transmutations | 2 3 4 5 6 |  6.3
Fighting       | |  1.0
Dodging        | |  1.7
Spellcasting   | |  2.0

Action                   |  1- 3 |  4- 6 |  7- 9 || total
-------------------------+-------+-------+-------++-------
Melee: Unarmed           |    25 |       |       ||    25
       Kick              |    16 |    13 |    28 ||    57
       Dagger            |    82 |   142 |    36 ||   260
       Headbutt          |     4 |    17 |     8 ||    29
       Punch             |     1 |     2 |     4 ||     7
       Rapier            |       |       |   112 ||   112
 Cast: Beastly Appendage |    23 |    23 |    19 ||    65
Evoke: Wand              |     6 |       |       ||     6
  Use: Potion            |     4 |     2 |     2 ||     8
       Scroll            |     1 |    11 |       ||    12
 Stab: Paralysed         |     7 |       |       ||     7
       Sleeping          |     1 |     1 |       ||     2
       Distracted        |       |       |     3 ||     3
  Eat: Chunk             |       |     6 |     5 ||    11
       Ration            |       |       |     1 ||     1
Armor: Robe              |    24 |    16 |       ||    40
       Leather armour    |       |    30 |    32 ||    62
Dodge: Dodged            |    94 |   101 |    80 ||   275
